 Dungeon Crawl Stone Soup version 0.17.0-24-gcfadda4 (webtiles) character file.

32 MirrMurr the Magician (level 3, -2/21 HPs)
             Began as an Octopode Wizard on Nov 17, 2015.
             Slain by a giant gecko (5 damage)
             ... on level 1 of the Dungeon.
             The game lasted 00:04:00 (1890 turns).

MirrMurr the Magician (Octopode Wizard)             Turns: 1890, Time: 00:04:00

Health: -2/21      AC:  1    Str:  6    XL:     3   Next: 25%
Magic:  2/7        EV: 12    Int: 21    God:
Gold:   38         SH:  0    Dex: 10    Spells: 3 memorised, 2 levels left

rFire  . . .     SeeInvis .     e - -3 whip (curse)
rCold  . . .     Clarity  .     (no shield)
rNeg   . . .     SustAt   .     a - +0 hat
rPois  .         Gourm    .     (no amulet)
rElec  .         Spirit   .     (no ring)
rCorr  .         Warding  .     (no ring)
rMut   .         Stasis   .     (no ring)
MR     .....                    (no ring)
Stlth  +++.......               (no ring)
                                (no ring)
                                (no ring)
                                (no ring)

@: very slightly contaminated, not resistant to hostile enchantments, fairly
stealthy
A: almost no armour, amphibious, 8 rings, constrict 8, camouflage 1, gelatinous
body 1
a: no special abilities


You were on level 1 of the Dungeon.
You were not hungry.

You visited 1 branch of the dungeon, and saw 1 of its levels.

You collected 38 gold pieces.

Inventory:

Hand Weapons
 e - a cursed -3 whip (weapon)
 l - a +3 mace
 o - a cursed +0 spear
Missiles
 j - 3 curare-tipped needles
 m - 6 stones (quivered)
Armour
 a - a +0 hat (worn)
Potions
 d - 2 potions of flight {unknown}
 f - a potion of magic {unknown}
 g - a potion of agility {unknown}
 h - 2 potions of lignification {unknown}
 i - 3 potions of curing
 k - a potion of might {unknown}
Books
 b - a book of Minor Magic

   Spells                             Type                      Level
   a - Magic Dart                     Conjuration                  1
   b - Blink                          Translocation                2
   c - Call Imp                       Summoning                    2
   d - Repel Missiles                 Charms/Air                   2
   e - Slow                           Hexes                        2
   f - Conjure Flame                  Conjuration/Fire             3
   g - Mephitic Cloud                 Conjuration/Poison/Air       3
Comestibles
 c - a bread ration
 n - a chunk of flesh


   Skills:
 - Level 2.0 Dodging
 - Level 2.6 Stealth
 + Level 3.4 Spellcasting
 * Level 2.4 Conjurations
   Level 1.0 Summonings
 - Level 1.0 Translocations


You had 2 spell levels left.
You knew the following spells:

 Your Spells              Type           Power        Failure   Level  Hunger
a - Magic Dart            Conj           ##..         6%          1    None
b - Blink                 Tloc           N/A          14%         2    ##.....
c - Conjure Flame         Conj/Fire      #.......     24%         3    ###....


Dungeon Overview and Level Annotations

Branches:
Dungeon (1/15)

Altars:


Innate Abilities, Weirdness & Mutations

You cannot wear most types of armour.
You are amphibious.
You can wear up to eight rings at the same time.
You can use your tentacles to constrict eight enemies at once.
Your skin changes colour to match your surroundings (Stealth).
Your rubbery body absorbs attacks (AC +1).


Message History

Casting: Magic Dart
Confirm with . or Enter, or press ? or * to list all spells.
Aiming: Magic Dart
Press: ? - help, Shift-Dir - straight line, f/p - kobold
Aim: a kobold, wielding a dagger (severely wounded)
The magic dart hits the giant gecko.
The giant gecko is severely wounded.
The giant gecko bites you.
* * * LOW HITPOINT WARNING * * *
Casting: Magic Dart
Confirm with . or Enter, or press ? or * to list all spells.
Aiming: Magic Dart
Press: ? - help, Shift-Dir - straight line, f/p - kobold
Aim: a kobold, wielding a dagger (severely wounded)
The magic dart hits the giant gecko.
The giant gecko is severely wounded.
The giant gecko bites you.
* * * LOW HITPOINT WARNING * * *
The giant gecko bites you.
You die...

*,,,,..# #...###
*,***#.# ##...##
*,####.#### #.)...#
#,........######....##
#.,*#...............#
#..*#..##.########.##
#..##..##.# #.#
#......##.# ##'##
##....@...# ##...##
####l##### ##.....##
#.##.## ##.......#
#K#...####.........
#........'.........
#.....####....[....
##.#.## ##.......#
#.### ##.....##
***#.#****** ##...##


You could see a giant gecko and a kobold.

Vanquished Creatures
  An ooze (D:1)
  3 giant cockroaches (D:1)
  4 hobgoblins (D:1)
  6 kobolds (D:1)
  3 bats (D:1)
  3 giant newts (D:1)
  4 goblins (D:1)
  3 rats (D:1)
27 creatures vanquished.

Notes
Turn   | Place    | Note
--------------------------------------------------------------
     0 | D:1      | MirrMurr the Octopode Wizard began the quest for the Orb.
     0 | D:1      | Reached XP level 1. HP: 11/11 MP: 4/4
   370 | D:1      | Reached XP level 2. HP: 1/17 MP: 0/6
  1330 | D:1      | Learned a level 2 spell: Blink
  1578 | D:1      | Reached XP level 3. HP: 17/21 MP: 3/7
  1583 | D:1      | Learned a level 3 spell: Conjure Flame
  1890 | D:1      | Slain by a giant gecko

Action                   || total
-------------------------++-------
Melee: Whip              ||    36
       Unarmed           ||     6
 Cast: Magic Dart        ||    51
  Use: Scroll            ||     5
  Eat: Chunk             ||     3
